 Dungeon Crawl Stone Soup version 0.17-a0-488-g0a147b9 (webtiles) character file.

153721 Fluffy the Tortoise (level 17, -4/166 HPs)
             Began as a Minotaur Fighter on Apr 8, 2015.
             Was the Champion of Okawaru.
             Slain by an emperor scorpion (7 damage)
             ... on level 4 of the Spider Nest on Apr 9, 2015.
             The game lasted 02:17:50 (29042 turns).

Fluffy the Tortoise (Minotaur Fighter)             Turns: 29042, Time: 02:17:50

Health: -4/166     AC: 24    Str: 26      XL:     17   Next: 5%
Magic:  1/24       EV:  9    Int:  4 (5)  God:    Okawaru [******]
Gold:   3737       SH:  0    Dex: 13      Spells: 0 memorised, 16 levels left

rFire  . . .     SeeInvis .     z - +5 great sword (elec)
rCold  + . .     Clarity  .     N - +4 chain mail {MR+}
rNeg   + . .     SustAb   .     (no shield)
rPois  +         Gourm    .     G - +0 hat of Midsummer {rN+ rCorr Dex-4}
rElec  .         Spirit   .     n - +0 cloak {MR+}
rCorr  +         Warding  .     S - +0 pair of gloves
rMut   .         Stasis   .     U - +0 pair of boots {run}
MR     +++..                    l - amulet of regeneration
Stlth  ..........               m - ring of protection from cold
                                R - ring of poison resistance

@: mighty, lethally poisoned (-4 -> -16), hasted and slowed, quick, extremely
resistant to hostile enchantments, extremely unstealthy
A: retaliatory headbutt, horns 2
a: Heroism, Finesse, Renounce Religion


You were on level 4 of the Spider Nest.
You worshipped Okawaru.
Okawaru was exalted by your worship.
You were not hungry.

You visited 5 branches of the dungeon, and saw 31 of its levels.
You visited the Abyss 1 time.
You also visited: Trove and Ice Cave.

You collected 4100 gold pieces.
You spent 363 gold pieces at shops.

Inventory:

Hand weapons
 z - a +5 great sword of electrocution (weapon)
 I - a +5 long sword of holy wrath
 J - the +6 falchion of the Dead {speed, rC+ rN+++ MP+9 Stlth-}
   (You found it on level 3 of the Abyss)

   Attacks with this weapon are significantly faster.
   It protects you from cold.
   It renders you almost immune to negative energy.
   It affects your magic capacity (+9).
   It makes you less stealthy.
 Q - a +4 scimitar of flaming
 Z - the +8 double sword of Evil {venom, rPois rF- rC+ Int+2}
   (You found it in a treasure trove)

   It poisons the flesh of those it strikes.
   It affects your intelligence (+2).
   It makes you vulnerable to fire.
   It protects you from cold.
   It protects you from poison.
Armour
 n - a +0 cloak of magic resistance (worn)
 G - the +0 hat of Midsummer (worn) {rN+ rCorr Dex-4}
   (You acquired it on level 2 of the Spider Nest)

   It affects your dexterity (-4).
   It protects you from negative energy.
   It protects you from acid and corrosion.
 N - a +4 chain mail of magic resistance (worn)
 S - a +0 pair of gloves (worn)
 U - a +0 pair of boots of running (worn)
 V - a +2 shield of reflection
Jewellery
 c - an uncursed ring of fire
 h - the amulet of Equfiat {Clar MR+ Int+4}
   (You found it in a treasure trove)

   [amulet of clarity]

   It provides mental clarity.
   It affects your intelligence (+4).
   It affects your resistance to hostile enchantments.
 l - an amulet of regeneration (around neck)
 m - a ring of protection from cold (right hand)
 D - an uncursed ring of positive energy
 R - a ring of poison resistance (left hand)
Magical devices
 p - a wand of teleportation (3)
 q - a wand of teleportation (7)
 v - a wand of digging (0)
 A - a wand of invisibility (2)
 C - a wand of disintegration (11)
 L - a wand of draining (0)
 X - a wand of cold (13)
Scrolls
 a - 5 scrolls of enchant armour
 f - 12 scrolls of remove curse
 i - 10 scrolls of teleportation
 j - 7 scrolls of recharging
 s - 3 scrolls of enchant weapon
 O - 2 scrolls of magic mapping
 T - 6 scrolls of immolation
Potions
 b - 3 potions of heal wounds
 e - 2 potions of might
 k - 5 potions of curing
 r - 3 potions of invisibility {unknown}
 u - a potion of ambrosia
 w - 6 potions of agility
 x - 6 potions of restore abilities
 B - a potion of resistance
 E - a potion of cancellation
 H - 2 potions of mutation {unknown}
 K - 2 potions of flight
 M - a potion of degeneration {unknown}
 P - 3 potions of haste
Comestibles
 d - 20 bread rations
 g - 4 slices of pizza
 o - 13 meat rations
 t - 8 beef jerkies
 y - 6 royal jellies
 F - 12 fruits


   Skills:
 + Level 18.8 Fighting
 + Level 18.8 Long Blades
 + Level 19.0 Armour
 - Level 8.0 Shields
 - Level 10.9 Invocations


You had 16 spell levels left.
You didn't know any spells.

Dungeon Overview and Level Annotations

Branches:
Dungeon (14/15)            Temple (1/1) D:5            Lair (8/8) D:11
  Swamp (0/5) Lair:5       Spider (4/5) Lair:4        Slime (0/6) Lair:8
    Orc (4/4) D:9             Elf (0/3) Orc:4        Vaults (0/5) D:13

Altars:
Ashenzari
Cheibriados
Dithmenos
Elyvilon
Fedhas
Gozag
Kikubaaqudgha
Makhleb
Nemelex Xobeh
Okawaru
Qazlal
Ru
Sif Muna
Trog
Vehumet
Xom
Yredelemnul
Zin
The Shining One
Beogh
Jiyva

Shops:
D:11 *   D:12 [   Orc:1 %   Orc:4 *%*[

Portals:
Hell: Lair:8

Annotations:
D:7 exclusion: oklob plant
D:14 exclusion: 4 oklob plants


Innate Abilities, Weirdness & Mutations

You reflexively headbutt those who attack you in melee.
You have a pair of horns on your head.


Message History

You are poisoned.
The wolf spider poisons you!
Drink which item? (? for menu, Esc to quit)
You feel yourself speed up.
You feel very sick. The hornet closely misses you. You furiously retaliate!
You headbutt the hornet! The wolf spider hits you!
* * * LOW HITPOINT WARNING * * *
The wolf spider barely misses you.
The emperor scorpion stings you but does no damage.
The emperor scorpion barely misses you. The emperor scorpion claws you.
* * * LOW HITPOINT WARNING * * *
The hornet stings you but does no damage.
The wolf spider hits you but does no damage.
The wolf spider bites you but does no damage.
The emperor scorpion stings you.
* * * LOW HITPOINT WARNING * * *
The emperor scorpion claws you but does no damage.
The emperor scorpion claws you!
You die...

#...#^..^.#..^.....#.#
#.!..†...##.........##
#.........##...#.^..^#
##..^.##..##......^..###
#..#######....^...^...#
#####.....^......^..†##
####..........####....#
#.......yss.^#####....#
#...^.##.@#..# ..##...#
##...####.#y.#....##^†.#
##...## ###ys#....###..#
#^..## #........#...#
#.^## ##...##..##.##
#..## ######..## .##
#..^####...##..# .
#...^##...###..# .
##....#..># #..# .


You could see an emperor scorpion, a wolf spider and a hornet.

Vanquished Creatures
  Norris (D:13)
  Kirke (Spider:1)
  Donald (D:13)
  An emperor scorpion (Spider:3)
  Azrael (D:13)
  2 dire elephants (Lair:8)
  Snorg (Orc:4)
  The ghost of Zebura the Severer, a powerful DDBe of Trog (IceCv)
  Erolcha (Orc:3)
  2 blizzard demons (IceCv)
  An entropy weaver (Spider:3)
  A great orb of eyes (D:14)
  11 hydras
  A catoblepas (D:14)
  Erica (D:11)
  2 centaur warriors (D:14)
  3 tengu warriors (D:13)
  A thrashing horror (Abyss:4)
  3 orc high priests (Orc:4)
  Sonja (D:11)
  6 skeletal warriors (D:14)
  3 ice devils (IceCv)
  A sun demon (Lair:8)
  4 hill giants
  4 ice statues (IceCv)
  A wizard (Lair:8)
  A lindwurm (Lair:8)
  5 orc knights
  7 orb spiders
  An orb spider (shapeshifter) (D:14)
  15 wolf spiders
  A shining eye (Abyss:4)
  16 ugly things
  5 orc sorcerers (Orc:4)
  4 hornets (Spider:4)
  A sixfirhy (Abyss:2)
  26 elephants
  7 cyclopes
  2 manticores
  3 griffons
  2 moths of wrath
  5 black mambas
  Joseph (D:9)
  3 orange demons (Lair:8)
  A queen ant (Lair:4)
  4 torpor snails
  A smoke demon (Lair:8)
  2 gargoyles
  4 kobold demonologists
  A molten gargoyle (Lair:3)
  10 spiny frogs
  2 anaconda simulacra (IceCv)
  A hellwing (Lair:8)
  4 fire drakes
  6 demonic crawlers
  A golden dragon simulacrum (IceCv)
  12 jumping spiders
  5 komodo dragons
  8 blue devils
  A troll (shapeshifter) (D:14)
  5 trolls
  Grinder (D:6)
  A queen bee (D:14)
  8 blink frogs
  A raiju (shapeshifter) (Abyss:4)
  5 ravens (D:13)
  11 trapdoor spiders
  2 boulder beetles
  3 slime creatures (D:14)
  A spriggan (D:8)
  16 tarantellas
  3 fire bats (Lair:4)
  34 redbacks
  2 dire elephant simulacra (IceCv)
  A small abomination (Abyss:2)
  5 large abominations
  A vampire (D:14)
  3 wyverns
  2 basilisks
  The ghost of emiel the Ruffian, an average NaTm (D:4)
  3 deep elf magi
  8 hippogriffs
  2 hogs (Spider:1)
  16 humans (D:13)
  64 yaks
  3 fire elementals (D:13)
  17 wolves
  5 hungry ghosts
  A harpy simulacrum (IceCv)
  An iron troll simulacrum (IceCv)
  A mottled dragon (D:13)
  3 hydra simulacra (IceCv)
  13 soldier ants (Lair:4)
  2 wargs
  6 ice beasts
  Duvessa (D:5)
  2 wasps
  5 hell hounds
  2 orc zombies (Orc:4)
  5 phantoms
  28 spiders
  9 porcupines
  14 water moccasins
  A necrophage (D:8)
  23 orc warriors
  10 ogres
  7 sky beasts
  8 centaurs
  An eye of draining (D:12)
  2 boring beetles
  15 crocodiles
  5 big kobolds
  13 scorpions
  13 giant frogs
  5 wights (D:6)
  Dowan (D:5)
  61 killer bees
  12 crimson imps
  2 centaur zombies
  2 goliath beetles
  19 orc priests
  8 electric eels
  3 giant frog zombies
  2 lava snakes (Lair:4)
  A giant frog skeleton (D:7)
  3 quasits
  12 hounds
  9 jellies
  28 orc wizards
  41 worker ants
  2 centaur skeletons
  9 iguanas
  12 sheep
  A hound skeleton (D:6)
  3 gnolls (D:4)
  A mummy (D:6)
  23 adders
  2 worker ant zombies
  4 shadow imps
  34 river rats
  An adder skeleton (D:7)
  An adder zombie (D:3)
  5 giant geckos
  13 oozes
  146 orcs
  A ball python (D:4)
  15 bats
  4 giant cockroaches
  22 hobgoblins
  18 jackals
  18 kobolds
  A giant gecko skeleton (D:5)
  4 giant newts
  21 goblins
  A jackal skeleton (D:5)
  7 quokkas
  14 rats
  A fungus (D:1)
  A plant (Lair:8)
1233 creatures vanquished.

Vanquished Creatures (others)
  A wolf spider (Spider:4)
  A sixfirhy (Abyss:4)
  4 humans (Spider:1)
  A fire bat (Abyss:4)
  A river rat (Lair:8)
  7 fungi
  2 plants (Lair:8)
17 creatures vanquished.

Grand Total: 1250 creatures vanquished

Notes
Turn   | Place    | Note
--------------------------------------------------------------
     0 | D:1      | Fluffy, the Minotaur Fighter, began the quest for the Orb.
     0 | D:1      | Reached XP level 1. HP: 19/19 MP: 0/0
    87 | D:1      | Reached XP level 2. HP: 24/27 MP: 1/1
   302 | D:1      | Reached skill level 4 in Fighting
   653 | D:2      | Reached XP level 3. HP: 29/33 MP: 2/2
  1019 | D:3      | Reached XP level 4. HP: 36/41 MP: 3/3
  1417 | D:4      | Noticed a sky beast
  1436 | D:4      | Killed a sky beast
  1436 | D:4      | Reached skill level 5 in Shields
  1436 | D:4      | Reached XP level 5. HP: 30/47 MP: 4/4
  1546 | D:4      | Noticed emiel's ghost (average NaTm)
  1577 | D:4      | Reached skill level 5 in Fighting
  1590 | D:4      | Noticed an ogre
  1598 | D:4      | Killed an ogre
  1598 | D:4      | Reached XP level 6. HP: 49/56 MP: 5/5
  1628 | D:4      | Killed emiel's ghost
  1628 | D:4      | Reached skill level 5 in Armour
  1683 | D:4      | Noticed a phantom
  1857 | D:4      | Reached skill level 6 in Shields
  1952 | D:4      | Reached XP level 7. HP: 25/62 MP: 6/6
  2099 | D:4      | Reached skill level 5 in Long Blades
  2197 | D:4      | Killed a phantom
  2297 | D:5      | Entered Level 5 of the Dungeon
  2320 | D:5      | Noticed Duvessa
  2320 | D:5      | Noticed Dowan
  2332 | D:5      | Killed Dowan
  2344 | D:5      | Killed Duvessa
  2445 | D:5      | Found a staircase to the Ecumenical Temple.
  2466 | Temple   | Entered the Ecumenical Temple
  2559 | Temple   | Became a worshipper of Warmaster Okawaru
  2930 | D:5      | Reached skill level 1 in Invocations
  2930 | D:5      | Reached XP level 8. HP: 71/71 MP: 7/7
  2966 | D:5      | Reached skill level 7 in Shields
  3360 | D:5      | Found a burning altar of Makhleb.
  3573 | D:5      | Acquired Okawaru's first power
  3626 | D:6      | Noticed Grinder
  3670 | D:6      | Killed Grinder
  4084 | D:6      | Reached XP level 9. HP: 71/80 MP: 10/10
  4410 | D:6      | Reached skill level 8 in Shields
  4838 | D:7      | Found a stormy altar of Qazlal.
  5228 | D:7      | Noticed an oklob plant
  5759 | D:8      | Reached skill level 9 in Fighting
  5918 | D:8      | Reached XP level 10. HP: 74/91 MP: 12/12
  6100 | D:8      | Received a gift from Okawaru
  6100 | D:8      | Reached skill level 5 in Invocations
  6280 | D:9      | Noticed Joseph
  6296 | D:9      | Killed Joseph
  6338 | D:9      | Found a staircase to the Orcish Mines.
  7307 | D:9      | Noticed a cyclops
  7316 | D:9      | Killed a cyclops
  7316 | D:9      | Reached skill level 10 in Fighting
  7517 | D:9      | Reached skill level 10 in Armour
  7520 | D:9      | Acquired Okawaru's second power
  7522 | D:9      | Reached skill level 10 in Long Blades
  7587 | D:10     | Entered Level 10 of the Dungeon
  8065 | D:10     | Noticed a hill giant
  8072 | D:10     | Killed a hill giant
  8131 | D:10     | Found a portal to a secret trove of treasure.
  8357 | D:10     | Noticed a cyclops
  8368 | D:10     | Killed a cyclops
  8368 | D:10     | Reached XP level 11. HP: 76/101 MP: 15/15
  8475 | D:11     | Noticed Erica
  8477 | D:11     | Noticed a seven-headed hydra
  8670 | D:11     | Killed Erica
  8815 | D:11     | Killed a three-headed hydra
  8815 | D:11     | Reached skill level 11 in Fighting
  8868 | D:11     | Found a staircase to the Lair.
  9041 | D:11     | Received a gift from Okawaru
  9382 | D:11     | Found Racresep's General Store.
  9464 | D:11     | Noticed Sonja
  9692 | Lair:1   | Entered Level 1 of the Lair of Beasts
 10088 | Lair:1   | Received a gift from Okawaru
 10211 | Lair:1   | Reached XP level 12. HP: 93/112 MP: 17/17
 10213 | Lair:1   | Reached skill level 12 in Armour
 10833 | Lair:2   | Noticed a six-headed hydra
 10844 | Lair:2   | Killed a two-headed hydra
 12315 | Lair:4   | Received a gift from Okawaru
 12324 | Lair:4   | Reached skill level 13 in Armour
 12348 | Lair:4   | Got an encrusted scimitar {god gift}
 12349 | Lair:4   | Identified the +11 scimitar "Lorem Ipsum" {pain, rPois Dex+4 SInv} (Okawaru gifted it to you on level 4 of the Lair of Beasts)
 12789 | Lair:4   | Reached skill level 10 in Invocations
 12834 | Lair:4   | Reached XP level 13. HP: 119/122 MP: 19/19
 12851 | Lair:4   | Received a gift from Okawaru
 12866 | Lair:4   | Identified a +0 pair of boots of running (Okawaru gifted it to you on level 4 of the Lair of Beasts)
 13134 | Lair:4   | Found a hole to the Spider Nest.
 13575 | Lair:5   | Found a staircase to the Swamp.
 14164 | Lair:6   | Reached skill level 14 in Armour
 14259 | Lair:6   | Received a gift from Okawaru
 14959 | Lair:7   | Found an iron altar of Okawaru.
 15368 | Lair:8   | Entered Level 8 of the Lair of Beasts
 15450 | Lair:8   | Reached XP level 14. HP: 119/133 MP: 21/21
 15502 | Lair:8   | Received a gift from Okawaru
 16141 | Lair:8   | Reached skill level 15 in Armour
 16331 | Lair:8   | Found a viscous altar of Jiyva.
 16332 | Lair:8   | Found a staircase to the Slime Pits.
 16423 | Lair:8   | Noticed a dire elephant
 16440 | Lair:8   | Killed a dire elephant
 16440 | Lair:8   | Reached skill level 15 in Fighting
 16440 | Lair:8   | Reached skill level 15 in Long Blades
 16524 | Lair:8   | Noticed a dire elephant
 16532 | Lair:8   | Received a gift from Okawaru
 16534 | Lair:8   | Got an ichor-stained cloak {god gift}
 16539 | Lair:8   | Killed a dire elephant
 16550 | Lair:8   | Identified the +2 cloak "Ojoghij" {Str+5 Dex+7} (Okawaru gifted it to you on level 8 of the Lair of Beasts)
 16663 | Lair:8   | Found a burning altar of Makhleb.
 16974 | Lair:8   | Found a gateway to Hell.
 17375 | D:11     | Killed Sonja
 17466 | Orc:1    | Entered Level 1 of the Orcish Mines
 17468 | Orc:1    | Found Puraub's Food Emporium.
 17643 | Orc:1    | Found a bloodstained altar of Trog.
 17897 | Orc:2    | Found a roughly hewn altar of Beogh.
 18104 | Orc:2    | Found a roughly hewn altar of Beogh.
 18338 | Orc:3    | Noticed Erolcha
 18346 | Orc:3    | Killed Erolcha
 18807 | Orc:4    | Entered Level 4 of the Orcish Mines
 18956 | Orc:4    | Noticed Snorg
 18970 | Orc:4    | Killed Snorg
 19037 | Orc:4    | Found a staircase to the Elven Halls.
 19276 | Orc:4    | Found Nifucuc's Armour Shop.
 19300 | Orc:4    | Received a gift from Okawaru
 19342 | Orc:4    | Found Fathrilo's General Store.
 19356 | Orc:4    | Reached skill level 16 in Fighting
 19388 | Orc:4    | Found Kacedi's Food Shoppe.
 19390 | Orc:4    | Found Mimaonk's Assorted Antiques.
 19851 | D:12     | Reached XP level 15. HP: 144/144 MP: 22/22
 20119 | D:12     | Received a gift from Okawaru
 20160 | D:12     | Found Edumpupi's Antique Armour Shop.
 20281 | D:12     | Bought a polished chain mail for 266 gold pieces
 20292 | D:12     | Identified the +3 chain mail "Extiebb" {rC+} (You bought it in a shop on level 12 of the Dungeon)
 20362 | D:13     | Found a gate to the Vaults.
 20362 | D:13     | Noticed Donald
 20362 | D:13     | Noticed Norris
 20489 | D:13     | Noticed Azrael
 20503 | D:13     | Killed Azrael
 20715 | D:13     | Killed Norris
 20986 | D:13     | Received a gift from Okawaru
 21009 | D:13     | Killed Donald
 21746 | D:14     | Reached skill level 17 in Long Blades
 22206 | D:14     | Received a gift from Okawaru
 22296 | D:14     | Got an opal-encrusted steam dragon armour {god gift}
 22308 | D:14     | Identified the +0 steam dragon armour of the Sea {rC+ rN+} (Okawaru gifted it to you on level 14 of the Dungeon)
 22759 | D:14     | Reached XP level 16. HP: 137/155 MP: 23/23
 23202 | D:11     | Bought a scroll of enchant weapon for 97 gold pieces
 23305 | D:10     | You paid a toll of a +5 demon trident to enter a treasure trove
 23306 | Trove    | Entered a treasure trove
 23325 | Trove    | Got a scorched garnet amulet
 23348 | Trove    | Got a warped double sword
 23355 | Trove    | Identified the +8 double sword of Evil {venom, rPois rF- rC+ Int+2} (You found it in a treasure trove)
 23384 | Trove    | Identified the amulet of Equfiat {Clar MR+ Int+4} (You found it in a treasure trove)
 23454 | Trove    | Got a faintly glowing morningstar
 23455 | Trove    | Identified the cursed +0 morningstar "Enkis" {crush, Str+3 Int+5 Dex-2} (You found it in a treasure trove)
 23769 | Spider:1 | Entered Level 1 of the Spider Nest
 23821 | Spider:1 | Noticed Kirke
 23835 | Spider:1 | Killed Kirke
 24581 | Spider:2 | Found a frozen archway.
 24590 | IceCv    | Entered an ice cave
 24680 | IceCv    | Noticed Zebura's ghost (powerful DDBe)
 24692 | IceCv    | Killed Zebura's ghost
 24692 | IceCv    | Reached skill level 18 in Armour
 25412 | Spider:2 | Identified a scroll of acquirement
 25413 | Spider:2 | Got a bloodstained hat
 25419 | Spider:2 | Identified the +0 hat of Midsummer {rN+ rCorr Dex-4} (You acquired it on level 2 of the Spider Nest)
 25607 | Spider:2 | Received a gift from Okawaru
 25632 | Spider:2 | Cast into the Abyss (a distortion unwield)
 25634 | Abyss:1  | Found a corrupted altar of Lugonu.
 25701 | Abyss:1  | Noticed a tentacled starspawn
 25809 | Abyss:3  | Got a crystal falchion
 25810 | Abyss:3  | Identified the +6 falchion of the Dead {speed, rC+ rN+++ MP+9 Stlth-} (You found it on level 3 of the Abyss)
 25819 | Abyss:3  | Noticed a bone dragon
 25824 | Abyss:4  | Found a corrupted altar of Lugonu.
 26010 | Abyss:4  | Gained mutation: You are clumsy. (Dex -2) [a shining eye]
 26174 | Spider:2 | Escaped the Abyss
 26239 | Spider:2 | Lost mutation: You are very clumsy. (Dex -4) [potion of cure mutation]
 26634 | Spider:3 | Upgraded the game from 0.17-a0-483-g810ce3f to 0.17-a0-488-g0a147b9
 26908 | Spider:3 | You fall through a shaft!
 27365 | Spider:4 | Received a gift from Okawaru
 27382 | Spider:4 | Got a faintly glowing short sword {god gift}
 27383 | Spider:4 | Identified the +2 short sword of Okawaru's Anger {pierce, rF- Int+4} (Okawaru gifted it to you on level 4 of the Spider Nest)
 28655 | Spider:4 | Reached XP level 17. HP: 156/166 MP: 24/24
 29040 | Spider:4 | Received a gift from Okawaru
 29040 | Spider:4 | Reached skill level 19 in Armour
 29042 | Spider:4 | HP: 7/166 [emperor scorpion (3)]
 29042 | Spider:4 | HP: 3/166 [emperor scorpion (4)]
 29042 | Spider:4 | Slain by an emperor scorpion

Action                   |  1- 3 |  4- 6 |  7- 9 | 10-12 | 13-15 | 16-18 || total
-------------------------+-------+-------+-------+-------+-------+-------++-------
Melee: Long sword        |   127 |    99 |   222 |       |       |    78 ||   526
       Great sword       |       |       |   141 |   625 |  1333 |   387 ||  2486
       Scimitar          |       |       |       |    10 |    55 |    17 ||    82
       Falchion          |       |       |       |       |       |   263 ||   263
       Double sword      |       |       |       |       |       |     4 ||     4
Throw: Tomahawk          |       |       |       |     3 |       |       ||     3
Invok: Heroism           |       |       |       |       |     6 |       ||     6
       Finesse           |       |       |       |       |     6 |       ||     6
Evoke: Wand              |       |       |       |     2 |     2 |       ||     4
  Use: Scroll            |       |       |    17 |     8 |     4 |     8 ||    37
       Potion            |       |       |     1 |     3 |       |     8 ||    12
  Eat: Chunk             |     1 |     3 |    15 |    30 |    41 |    28 ||   118
       Fruit             |       |       |       |       |       |     3 ||     3
